Map: Frost LE

Players

tacomacho

  • Race: Protoss Protoss
  • League: Gold
  • Spawn Location: 7:00

Fropez - Winner!

  • Race: Protoss Protoss
  • League: Gold
  • Spawn Location: 11:00

VOD

Have the link to the VOD?

Description

Time

  • Played on: Oct. 4, 2016, 6:42 p.m.
  • Length: 9:29
Show
View Real Time Build Order
Export as new Build Order

tacomacho Protoss 

Build Orders:  

Get SALT Encoding   

  12  0:02  Probe (Chrono Boost)  
  13  0:14  Pylon  
  13  0:17  Probe (Chrono Boost)  
  14  0:27  Probe (Chrono Boost)  
  15  0:34  Gateway  
  15  0:38  Probe (Chrono Boost)  
  16  0:48  Probe (Chrono Boost)  
  17  0:55  Assimilator  
  17  0:59  Assimilator  
  17  1:02  Probe (Chrono Boost)  
  18  1:12  Probe (Chrono Boost)  
  19  1:23  Probe (Chrono Boost)  
  19  1:25  Cybernetics Core, Zealot  
  22  1:33  Probe (Chrono Boost)  
  23  1:57  Pylon  
  23  2:15  Probe (Chrono Boost), Zealot  
  26  2:16  Pylon  
  26  2:26  Probe (Chrono Boost)  
  27  2:34  Nexus  
  27  2:36  Probe (Chrono Boost)  
  28  2:39  Pylon  
  28  2:42  Zealot  
  30  2:47  Probe (Chrono Boost)  
  31  3:01  Probe (Chrono Boost)  
  32  3:12  Probe (Chrono Boost)  
  33  3:30  Nexus  
  33  3:31  Pylon  
  33  3:33  Zealot  
  35  3:49  Gateway  
  35  3:54  Gateway  
  35  4:00  Sentry  
  37  4:03  Probe x2 (Chrono Boost)  
  39  4:13  Probe (Chrono Boost)  
  40  4:24  Probe x2 (Chrono Boost)  
  42  4:27  Stalker (Chrono Boost)  
  44  4:33  Twilight Council  
  44  4:34  Probe (Chrono Boost)  
  44  4:35  Probe (Chrono Boost)  
  44  4:37  Assimilator  
  46  4:42  Stalker (Chrono Boost)  
  46  4:45  Probe x2 (Chrono Boost)  
  50  4:56  Stalker (Chrono Boost)  
  49  5:08  Forge  
  49  5:11  Pylon  
  48  5:23  Sentry x2 (Chrono Boost)  
  50  5:36  Stalker (Chrono Boost)  
  52  5:45  Stalker (Chrono Boost)  
  52  5:46  Stalker (Chrono Boost)  
  54  5:55  Probe x3  
  57  6:02  Stalker (Chrono Boost)  
  59  6:07  Probe x2  
  59  6:09  Pylon  
  61  6:12  Stalker x2 (Chrono Boost)  
  61  6:15  Pylon, Probe  
  66  6:19  Probe x2  
  66  6:21  Protoss Shields Level 1  
  68  6:28  Stalker (Chrono Boost)  
  68  6:30  Photon Cannon  
  70  6:34  Probe  
  70  6:37  Assimilator  
  70  6:38  Stalker x2 (Chrono Boost)  
  70  6:39  Photon Cannon  
  75  6:41  Probe x2  
  77  6:49  Probe  
  77  6:53  Probe, Assimilator  
  80  6:54  Stalker (Chrono Boost)  
  80  7:12  Stalker x2 (Chrono Boost)  
  84  7:20  Stalker (Chrono Boost)  
  86  7:32  Probe x2  
  86  7:33  Probe  
  89  7:38  Stalker (Chrono Boost)  
  91  7:45  Stalker (Chrono Boost)  
  91  7:46  Stalker (Chrono Boost)  
  95  8:00  Probe x3  
  90  8:34  Pylon  
  90  8:37  Pylon  
  90  8:38  Pylon  
  90  8:52  Probe, Stalker (Chrono Boost)  
  90  8:55  Probe x2, Stalker x2 (Chrono Boost)  
  99  9:02  Assimilator  
  99  9:09  Robotics Facility  
  99  9:12  Robotics Facility x2  
  99  9:16  Photon Cannon  
  99  9:20  Photon Cannon  
Show
View Real Time Build Order
Export as new Build Order

Fropez Protoss - Winner!

Build Orders:  

Get SALT Encoding   

  12  0:00  Probe (Chrono Boost)  
  13  0:12  Probe (Chrono Boost)  
  14  0:18  Pylon  
  14  0:23  Probe (Chrono Boost)  
  15  0:36  Probe (Chrono Boost)  
  15  0:38  Gateway  
  16  0:46  Assimilator  
  16  0:48  Probe (Chrono Boost)  
  17  0:58  Probe (Chrono Boost)  
  17  0:59  Pylon  
  18  1:09  Probe (Chrono Boost)  
  19  1:19  Probe (Chrono Boost)  
  19  1:25  Pylon  
  20  1:30  Cybernetics Core  
  20  1:31  Probe (Chrono Boost)  
  20  1:44  Probe (Chrono Boost)  
  21  1:59  Nexus  
  21  2:02  Pylon  
  21  2:09  Adept  
  21  2:11  Warp Gate (Chrono Boost)  
  23  2:17  Assimilator  
  24  2:22  Probe  
  24  2:35  Probe  
  25  2:38  Adept  
  27  2:45  Twilight Council  
  27  2:52  Probe  
  28  3:04  Probe  
  29  3:09  Adept  
  29  3:12  Gateway  
  29  3:47  Probe  
  30  3:48  Probe  
  30  3:54  Assimilator  
  31  4:04  Probe x2  
  31  4:05  Gateway  
  31  4:06  Gateway  
  31  4:08  Stalker x2  
  35  4:12  Blink (Chrono Boost)  
  35  4:15  Probe  
  35  4:16  Pylon, Probe  
  35  4:31  Probe  
  36  4:32  Probe  
  37  4:40  Robotics Facility  
  37  4:43  Probe, Stalker  
  40  4:47  Stalker  
  42  5:11  Stalker x2  
  46  5:14  Probe  
  46  5:16  Probe  
  48  5:26  Stalker x2  
  50  5:50  Stalker  
  50  5:51  Stalker  
  50  5:56  Pylon  
  54  5:57  Pylon  
  54  6:05  Pylon, Forge  
  54  6:15  Warp Prism (Chrono Boost)  
  56  6:21  Pylon, Probe x2  
  56  6:22  Assimilator  
  58  6:32  Dark Shrine  
  58  6:34  Pylon  
  58  6:39  Stalker x4  
  66  7:10  Stalker x3  
  66  7:11  Stalker  
  66  7:13  Protoss Ground Weapons Level 1 (Chrono Boost)  
  72  7:37  Stalker x4  
  72  7:38  Probe  
  72  7:39  Probe  
  82  7:53  Observer  
  77  8:41  Dark Templar x2  
  77  8:42  Dark Templar x2  
  85  8:55  Nexus  
  85  8:58  Pylon  
  85  8:59  Pylon  
  85  9:03  Assimilator  
  85  9:05  Assimilator  
  85  9:06  Pylon  
Tags
 
League
GoldGold
Matchup
PvP
Replay Pack
All Mines
Spawn Locations
Close Positions
Add a new tag
Caveats
  • Supply blocks, unpowered buildings, or Contaminate may cause inaccurate times.
  • Supply counts are checked every 10 seconds.